 Dungeon Crawl Stone Soup version 0.30-a0-250-g41c1d76940 (webtiles) character file.

Game seed: 2714928419298998519

5103 Flugkiller the Cleaver (level 10, -2/102 HPs)
             Began as an Octopode Delver on Oct 12, 2022.
             Was a Priest of Makhleb.
             Slain by a shadow (8 damage)
             ... on level 8 of the Dungeon.
             The game lasted 00:10:31 (10012 turns).

Flugkiller the Cleaver (Octopode Delver)           Turns: 10012, Time: 00:10:31

Health: -2/102     AC:  1    Str: 11    XL:     10   Next: 57%
Magic:  13/13      EV: 18    Int: 13    God:    Makhleb [***...]
Gold:   468        SH:  6    Dex: 18    Spells: 9/9 levels left

rFire   . . .      SeeInvis .    s - +2 broad axe (flame)
rCold   . . .      Faith    .    r - +0 buckler
rNeg    . . .      Spirit   .    (helmet restricted)
rPois   .          Reflect  .    (no amulet)
rElec   .          Harm     .    (no ring)
rCorr   .          Rampage  .    (no ring)
Will    .....                    (no ring)
Stlth   ..........               (no ring)
HPRegen 0.37/turn                (no ring)
MPRegen 0.13/turn                (no ring)
                                 (no ring)
                                 (no ring)

@: berserking, very quick
A: almost no armour, amphibious, 8 rings, camouflage 1, gelatinous body 1,
(nimble swimmer 1), tentacles
a: Renounce Religion, Minor Destruction, Lesser Servant of Makhleb


You were on level 8 of the Dungeon.
You worshipped Makhleb.
Makhleb was most pleased with you.
You visited 1 branch of the dungeon, and saw 9 of its levels.

You collected 520 gold pieces.
You spent 52 gold pieces at shops.

Inventory:

Hand Weapons
 a - a +0 short sword
 s - a +2 broad axe of flaming (weapon)
   (You found it on level 3 of the Dungeon)
 w - a +4 flail of protection
   (You took it off Edmund on level 6 of the Dungeon)
Missiles
 m - 22 poisoned darts (quivered)
Armour
 r - a +0 buckler (worn)
   (You found it on level 6 of the Dungeon)
Jewellery
 p - a ring of fire
   (You found it on level 1 of the Dungeon)
Wands
 f - a wand of digging (7)
 u - a wand of flame (20)
   (You found it on level 4 of the Dungeon)
 y - a wand of roots (6)
   (You found it on level 6 of the Dungeon)
Scrolls
 b - a scroll of fog
 c - 2 scrolls of magic mapping
 g - 3 scrolls of immolation
 i - a scroll of brand weapon
 n - a scroll of vulnerability
 o - a scroll of torment
 t - 2 scrolls of teleportation
 x - a scroll of silence
 A - a scroll of butterflies {unknown}
 B - a scroll of enchant weapon {unknown}
Potions
 e - a potion of berserk rage
 h - 3 potions of haste
 j - a potion of flight
 k - 2 potions of lignification {unknown}
 l - 4 potions of mutation
 q - a potion of curing
 v - a potion of attraction {unknown}


   Skills:
 - Level 6.0 Fighting
 - Level 2.0 Short Blades
 + Level 8.9 Axes
 + Level 8.9 Dodging
 - Level 6.6 Stealth
 * Level 4.7 Shields
 - Level 5.0 Invocations
 + Level 2.8 Evocations


You had 9 spell levels left.
You didn't know any spells.
Your spell library contained the following spells:

 Spells                   Type           Power      Damage    Failure   Level
 Foxfire                  Conj/Fire      0%         2x1d4     36%         1
 Hailstorm                Conj/Ice       0%         3d3       75%         3
 Ice Form                 Ice/Tmut       0%         N/A       98%         4
 Simulacrum               Ice/Necr       0%         N/A       100%        6


Dungeon Overview and Level Annotations

Branches:
Dungeon (9/15) Zot: 26598  Temple (0/1) D:6            Lair (0/5) D:8
    Orc: D:9-12

Altars:
Cheibriados
Dithmenos
Hepliaklqana
Kikubaaqudgha
Makhleb
Qazlal
Sif Muna
Xom
The Shining One

Shops:
D:5 *[**   D:9 :

Portals:
Abyss: D:8

Annotations:
D:8 2 transporters, Inkie2's ghost, novice MeCK


Innate Abilities, Weirdness & Mutations

You cannot wear most types of armour.
You are amphibious.
You can wear up to eight rings at the same time.
Your skin changes colour to match your surroundings (Stealth+).
Your rubbery body absorbs attacks. (AC +1, EV +1)
((You are camouflaged when in or above water. (Stealth+)))
You have tentacles for arms and can constrict up to eight enemies at once.


Message History

The ogre zombie barely misses you.
A shadow comes into view.
You hit the ogre zombie. You burn the ogre zombie.
The ogre zombie is heavily damaged.
You slash the orc zombie! You burn the orc zombie.
You destroy the orc zombie!
Makhleb accepts your kill.
You feel better.
You slash the phantom! You burn the phantom.
You hit the two-headed ogre zombie. You burn the two-headed ogre zombie.
You block the phantom's attack. The two-headed ogre zombie hits you! x2
You barely miss the phantom.
The phantom is heavily damaged.
You slash the ogre zombie! You burn the ogre zombie.
You slash the two-headed ogre zombie! You burn the two-headed ogre zombie.
The ogre zombie completely misses you.
The shadow slips into darkness.
The shadow flickers and vanishes!
Deactivating autopickup; reactivate with Ctrl-A.
The phantom misses you.
The shadow slips into darkness.
The shadow flickers and vanishes!
The phantom hits you but does no damage.
The two-headed ogre zombie hits you!
The two-headed ogre zombie closely misses you.
The ogre zombie hits you.
You climb upwards.
Level annotation: 2 transporters, Inkie2's ghost, novice MeCK Reactivating autopickup.
There is a stone staircase leading down here.
You are too injured to fight recklessly!
You are too injured to fight recklessly!
You hit the phantom. You burn the phantom.
The phantom is heavily damaged.
You block the phantom's attack. The phantom closely misses you.
You hit the phantom. You burn the phantom.
The phantom is severely damaged.
The phantom hits you.
You hit the phantom but do no damage.
The phantom is severely damaged.
The phantom misses you.
You slash the phantom! You burn the phantom.
You destroy the phantom!
Makhleb accepts your kill.
You can now summon a lesser servant of Makhleb.
You start resting.
The hell hog squeals angrily.
The iron imp shouts!
The white imp picks up a beetle and eats it.
HP restored.
There is a stone staircase leading down here.
You climb downwards.
An orc zombie comes into view.
The two-headed ogre zombie closely misses you.
The two-headed ogre zombie hits you but does no damage.
There is a stone staircase leading up, spattered with blood here.
The ogre zombie hits you! The shadow hits you.
You climb upwards.
Level annotation: 2 transporters, Inkie2's ghost, novice MeCK The white imp shouts, "Scamper hence, thou feckless doghearted bugbear!"
There is a stone staircase leading down here.
You hit the shadow but do no damage.
You tentacle-slap the shadow, but do no damage.
You squeeze the shadow, but do no damage.
You hit the shadow. You burn the shadow. The shadow misses you.
The shadow hits you.
You barely miss the shadow.
You squeeze the shadow, but do no damage.
The shadow is lightly damaged.
You hit the shadow but do no damage.
The shadow slips into darkness.
The shadow flickers and vanishes!
Deactivating autopickup; reactivate with Ctrl-A.
The shadow barely misses you.
The shadow strikes at you from the darkness!
Reactivating autopickup.
You are too injured to fight recklessly!
You are too injured to fight recklessly!
You closely miss the shadow. Your squeeze misses the shadow.
The shadow is lightly damaged.
You barely miss the shadow. You block the shadow's attack. x2
You closely miss the shadow.
The shadow is lightly damaged.
You hit the shadow. You burn the shadow. The shadow closely misses you.
The shadow hits you!
* * * LOW HITPOINT WARNING * * *
Okay, then.
You feel better. The shadow hits you!
* * * LOW HITPOINT WARNING * * *
The shadow hits you.
* * * LOW HITPOINT WARNING * * *
A red film seems to cover your vision as you go berserk!
You feel yourself moving faster!
You feel mighty! The shadow misses you.
The shadow slips into darkness.
The shadow flickers and vanishes!
Deactivating autopickup; reactivate with Ctrl-A.
Unknown command.
You slash the shadow! You burn the shadow. Your squeeze misses the shadow.
The shadow is heavily damaged.
You closely miss something. The shadow hits you!
You die...

PP...P....#...####.....#.## #...©
......P...#...####...###.# ##...
..........#.[........# ..... ####
.....P....#...####..##5^.### ##.
..........#.........#h# ##©# ...
..>..P.P.....##..#..##.##..## .##
..P.......#.)##......###....####.
.....P....#..###.W...............
.P........#..###@#...............
...P†.....#...(#{#.##............
P.......P.#..#.#.#.##.###..######
P......P.....#.#.#.##.# #..# #
.PP...P.######.#.#.#######.# #
.PP............#.#.........# #
P.....P#########.########### #
...P.#.##........################
.....#...........................


You could see a hell hog, a shadow and a white imp.

Vanquished Creatures
  Pikel (D:7)
  Maggie (D:7)
  A komodo dragon (D:8)
  A hornet (D:9)
  Prince Ribbit (D:7)
  Sigmund (D:5)
  Eustachio (D:6)
  Edmund (D:6)
  Duvessa (D:4)
  3 water moccasins (D:8)
  3 ice beasts
  A sky beast (D:6)
  2 black bears
  2 ogres (D:6)
  3 centaurs
  A lemure (D:7)
  2 phantoms
  7 bullfrogs
  A kobold brigand (D:8)
  2 scorpions
  A necrophage (D:5)
  Dowan (D:4)
  9 killer bees (D:8)
  A howler monkey (D:7)
  5 hounds
  A jelly (D:4)
  An orc priest (D:8)
  5 iguanas
  3 orc wizards (D:6)
  An ogre zombie (D:9)
  4 adders
  3 white imps
  3 ufetubi
  A worm (D:3)
  3 dart slugs
  10 orcs
  8 endoplasms
  6 giant cockroaches
  6 goblins
  10 hobgoblins
  15 jackals
  3 quokkas (D:2)
  14 ball pythons
  5 bats
  9 frilled lizards
  A goblin zombie (D:9)
  A hobgoblin skeleton (D:9)
  2 hobgoblin zombies (D:9)
  18 kobolds
  3 orc zombies (D:9)
  8 rats
197 creatures vanquished.

Vanquished Creatures (others)
  34 fungi (D:8)
  39 plants (D:8)
73 creatures vanquished.

Grand Total: 270 creatures vanquished

Notes
Turn   | Place    | Note
-------+----------+-------------------------------------------
     0 | D:5      | Flugkiller the Octopode Delver began the quest for the Orb.
     0 | D:5      | Reached XP level 1. HP: 16/16 MP: 1/1
    34 | D:5      | Found Ukyeg's Assorted Antiques.
    37 | D:5      | Reached XP level 2. HP: 15/21 MP: 2/2
    81 | D:5      | Found Zefaihey's Armour Emporium.
   235 | D:4      | Noticed a scorpion
   468 | D:2      | Reached XP level 3. HP: 26/26 MP: 3/3
   719 | D:1      | Reached XP level 4. HP: 27/31 MP: 4/4
  2176 | D:3      | Reached skill level 5 in Dodging
  2235 | D:3      | Reached XP level 5. HP: 36/36 MP: 5/5
  2291 | D:3      | Found a faded altar of an unknown god.
  2445 | D:3      | Found a shimmering altar of Xom.
  2446 | D:3      | Found a stormy altar of Qazlal.
  2620 | D:3      | Found a burning altar of Makhleb.
  2634 | D:3      | Became a worshipper of Makhleb the Destroyer
  2720 | D:3      | Found a snail-covered altar of Cheibriados.
  3011 | D:4      | Reached skill level 1 in Axes
  3274 | D:4      | Reached XP level 6. HP: 34/43 MP: 6/6
  3432 | D:4      | Reached * piety under Makhleb
  3453 | D:4      | Noticed Dowan
  3456 | D:4      | Noticed Duvessa
  4026 | D:5      | Reached XP level 7. HP: 48/48 MP: 7/7
  4110 | D:5      | Reached skill level 5 in Axes
  4114 | D:5      | Found Itimusye's General Store.
  4159 | D:5      | Found Poxuihe's CLEARANCE SALE!.
  4167 | D:5      | Bought a scroll of blinking for 37 gold pieces
  4167 | D:5      | Bought a scroll of teleportation for 15 gold pieces
  4343 | D:5      | Reached skill level 1 in Invocations
  4651 | D:6      | Noticed Edmund
  4670 | D:6      | Found a shadowy altar of Dithmenos.
  4743 | D:6      | Reached XP level 8. HP: 52/54 MP: 8/10
  4748 | D:6      | Noticed Sigmund
  5027 | D:6      | Killed Edmund
  5209 | D:6      | Found a shimmering blue altar of Sif Muna.
  5229 | D:6      | Got Sif Muna's Almanac of the Volcanoes
  5257 | D:6      | Found a staircase to the Ecumenical Temple.
  5258 | D:6      | Noticed Eustachio
  5343 | D:6      | Killed Eustachio
  5344 | D:6      | Reached skill level 5 in Fighting
  5683 | D:7      | Found an ancient bone altar of Kikubaaqudgha.
  5705 | D:7      | Noticed Pikel
  5719 | D:7      | Killed Pikel
  5720 | D:7      | Reached XP level 9. HP: 58/62 MP: 11/11
  5747 | D:7      | Reached ** piety under Makhleb
  6022 | D:7      | Noticed Maggie
  6036 | D:7      | Killed Maggie
  6204 | D:7      | Noticed Prince Ribbit
  6205 | D:7      | Found a glowing golden altar of the Shining One.
  6217 | D:7      | Killed Prince Ribbit
  6899 | D:5      | Found Poxuihe's CLEARANCE SALE!.
  6924 | D:5      | Found Zefaihey's Armour Emporium.
  6975 | D:5      | Found Itimusye's General Store.
  7044 | D:5      | Found Ukyeg's Assorted Antiques.
  7947 | D:4      | Killed Duvessa
  7949 | D:4      | Killed Dowan
  7950 | D:4      | Reached skill level 1 in Shields
  8060 | D:5      | Killed Sigmund
  8087 | D:6      | Reached XP level 10. HP: 68/68 MP: 13/13
  8247 | D:8      | Found a staircase to the Lair.
  8282 | D:8      | Reached skill level 1 in Evocations
  8845 | D:8      | Found a hazy altar of Hepliaklqana.
  9022 | D:8      | Found a one-way gate to the infinite horrors of the Abyss.
  9022 | D:8      | Noticed a hell hog
  9022 | D:8      | Noticed Inkie2's ghost (novice MeCK)
  9024 | D:8      | Found a transporter.
  9282 | D:8      | Found a transporter.
  9329 | D:8      | Reached skill level 5 in Invocations
  9628 | D:9      | Found Nopoqasch's Book Shop.
  9658 | D:9      | Paralysed by a hornet for 1 turns
  9885 | D:8      | Reached *** piety under Makhleb
 10010 | D:8      | HP: 3/68 [shadow (1)]
 10012 | D:8      | Slain by a shadow

Illustrated notes

Levels and vault maps discovered:
D:1:      shiori_arrival_whats_in_store_for_you, layout_rooms,
          minmay_shallow_snake_nest
D:2:      minmay_chambers_of_twos, layout_basic, serial_forest,
          infiniplex_forest_clump_medium, infiniplex_forest_clump_cross,
          infiniplex_forest_straight_4, infiniplex_forest_lined_3
D:3:      layout_basic, grunt_temple_overflow_open, marbit_many_paths,
          lemuel_coloured_pillars_altar, basic_ecumenical_altar
D:4:      layout_loops_corners, uniq_duvessa
D:5:      layout_basic, serial_shops, nicolae_shop_hallway_plus, shop,
          nicolae_shop_hallway_stairs, nicolae_shop_clearance
D:6:      nicolae_cairo_tiling, layout_basic, led_sif_book,
          nicolae_dithmenos_through_a_glass_darkly, uniq_edmund, uniq_sigmund,
          uniq_eustachio
D:7:      layout_loops_corners, lemuel_round_altar, lemuel_tele_altar,
          serial_glass, glass_columns_c, glass_columns_b, uniq_maggie,
          uniq_prince_ribbit1, uniq_pikel
D:8:      layout_basic, kennysheep_mini, due_lair_maze_entry_diamond,
          gammafunk_ghost_abyssal_escape
D:9:      cheibrodos_ideogram_h, layout_irregular_city, zombieorc2_lemuel,
          serial_shops, nicolae_shop_waterfront

Skill      XL: |  1  2  3  4  5  6  7  8  9 10 |
---------------+-------------------------------+-----
Dodging        | 3 4 5 7 8 |  8.9
Axes           | 2 4 6 8 |  8.9
Fighting       | 4 6 |  6.0
Invocations    | 3 4 5 |  5.0
Shields        | 2 4 |  4.7
Evocations     | 2 |  2.8
Short Blades   | |  2.0
Stealth        | |  6.6

Action                   |  1- 3 |  4- 6 |  7- 9 | 10-12 || total
-------------------------+-------+-------+-------+-------++-------
Melee: Short sword       |    66 |   129 |    22 |       ||   217
       Tentacles         |    15 |    26 |    48 |    27 ||   116
       Constrict         |    21 |    31 |    30 |    21 ||   103
       Punch             |       |     1 |     1 |     2 ||     4
       Broad axe         |       |     5 |    35 |   109 ||   149
       Flail             |       |       |    80 |       ||    80
Throw: Dart              |       |       |     3 |       ||     3
Invok: Minor Destruction |       |       |       |     6 ||     6
Evoke: Wand              |       |       |       |     4 ||     4
  Use: Scroll            |       |     9 |     4 |     2 ||    15
       Potion            |       |       |       |     5 ||     5
 Stab: Sleeping          |     8 |    37 |    14 |     2 ||    61
       Distracted        |       |     1 |     1 |     2 ||     4
Armor: Skin              |     8 |     4 |    20 |     5 ||    37
Dodge: Dodged            |    71 |    72 |   128 |   122 ||   393
Block: Buckler           |       |       |     2 |    39 ||    41

Table legend: (Time is in decaauts)
 A = Elapsed time spent in this place.
 B = Non-inter-level travel time spent in this place.
 C = Inter-level travel time spent in this place.
 D = Time resting spent in this place.
 E = Time spent auto-exploring this place.
 F = Levels seen in this place.
 G = Mean time per level.
                   A        B        C        D        E       F      G
               +--------+--------+--------+--------+--------+-----+--------+
         Total |  10057 |   9581 |    476 |   1705 |   5982 |   9 | 1117.4 |
       Dungeon |  10057 |   9581 |    476 |   1705 |   5982 |   9 | 1117.4 |
               +--------+--------+--------+--------+--------+-----+--------+

Top non-repeatable levels by time:
     D:4: 1876 daAuts
     D:8: 1814 daAuts
     D:5: 1505 daAuts
     D:7: 1163 daAuts
     D:3: 1059 daAuts
     D:2: 1018 daAuts
     D:6: 948 daAuts
     D:1: 593 daAuts
     D:9: 77 daAuts
